TOP OF THE 1ST |
Baltimore Orioles batting - Pitching for Seattle Mariners : RHP Bob Moose
|
Pitching: RHP Bob Moose
|
|
Batting: SHB Willie McGee
|
0-0: Swinging Strike 0-1: Swinging Strike 0-2: Strikes out swinging, 2-3 out at first.
|
Batting: SHB Johnny Ray
|
0-0: Ball 1-0: Ground out 6-3 (Groundball, 6, EV 98.1 MPH)
|
Batting: LHB Dave Parker
|
0-0: Foul Ball, location: 2F 0-1: Foul Ball, location: 2F 0-2: Ball 1-2: Ball 2-2: Strikes out swinging
|
Top of the 1st over - 0 runs, 0 hits, 0 errors, 0 left on base; Baltimore 0 - Seattle 0 |
BOTTOM OF THE 1ST |
Seattle Mariners batting - Pitching for Baltimore Orioles : RHP Don Robinson
|
Pitching: RHP Don Robinson
|
|
Batting: SHB Miguel Dilone
|
0-0: Bunted foul 0-1: Ground out 3-1 (Groundball, 34, EV 88.8 MPH)
|
Batting: RHB Ryne Sandberg
|
0-0: SINGLE (Groundball, 4MS, EV 70.0 MPH) (infield hit)
|
Batting: RHB Robin Yount
|
0-0: Called Strike 0-1: Ball 1-1: Ball 2-1: Fly out, F9 (Flyball, 9S, EV 89.4 MPH)
|
Batting: LHB Don Mattingly
|
0-0: Ball 1-0: Called Strike 1-1: Called Strike Ryne Sandberg steals 2nd base (no throw) 1-2: Fly out, F9 (Flyball, 9LM, EV 92.5 MPH)
|
Bottom of the 1st over - 0 runs, 1 hit, 0 errors, 1 left on base; Baltimore 0 - Seattle 0 |
TOP OF THE 2ND |
Baltimore Orioles batting - Pitching for Seattle Mariners : RHP Bob Moose
|
Batting: RHB Dwight Evans
|
0-0: Swinging Strike 0-1: Ball 1-1: Fly out, F7 (Flyball, 78XD, EV 92.5 MPH)
|
Batting: LHB Fred Lynn
|
0-0: Called Strike 0-1: Ball 1-1: Called Strike 1-2: Foul Ball, location: 2F 1-2: Strikes out looking
|
Batting: SHB Steve R Ontiveros
|
0-0: Called Strike 0-1: Ball 1-1: Ball 2-1: Called Strike 2-2: Ball 3-2: Ground out 4-3 (Groundball, 34, EV 84.4 MPH)
|
Top of the 2nd over - 0 runs, 0 hits, 0 errors, 0 left on base; Baltimore 0 - Seattle 0 |
BOTTOM OF THE 2ND |
Seattle Mariners batting - Pitching for Baltimore Orioles : RHP Don Robinson
|
Batting: RHB Tony Conigliaro
|
0-0: SINGLE (Groundball, 6MD, EV 100.0 MPH)
|
Batting: RHB Juan DeLiza
|
0-0: Swinging Strike 0-1: Called Strike 0-2: Ball Wild Pitch! Tony Conigliaro to second 1-2: Strikes out looking
|
Batting: RHB Ramon Estepa
|
0-0: Called Strike 0-1: Ball 1-1: Ground out 4-3 (Groundball, 4M, EV 105.6 MPH) Tony Conigliaro to third
|
Batting: RHB Ozzie Virgil
|
0-0: Called Strike 0-1: Foul Ball, location: 2F 0-2: Strikes out looking
|
Bottom of the 2nd over - 0 runs, 1 hit, 0 errors, 1 left on base; Baltimore 0 - Seattle 0 |
TOP OF THE 3RD |
Baltimore Orioles batting - Pitching for Seattle Mariners : RHP Bob Moose
|
Batting: RHB Matt Rice
|
0-0: Ground out 4-3 (Groundball, 4M, EV 90.6 MPH)
|
Batting: RHB Jim Sundberg
|
0-0: Ball 1-0: Ball 2-0: Swinging Strike 2-1: SINGLE (Groundball, 6MD, EV 103.8 MPH)
|
Batting: RHB Garth Iorg
|
0-0: Ball 1-0: Foul Ball, location: 2F 1-1: Ground out U3 (Groundball, 3S, EV 75.6 MPH) Jim Sundberg to second
|
Batting: SHB Willie McGee
|
0-0: Foul Ball, location: 2F 0-1: Ball 1-1: Ball 2-1: SINGLE (Line Drive, 8LS, EV 105.6 MPH) Jim Sundberg to third Runner from 3rd tries for Home, SAFE, throw by CF to home
|
Batting: SHB Johnny Ray
|
0-0: Ground out U3 (Groundball, 13, EV 85.0 MPH)
|
Top of the 3rd over - 1 run, 2 hits, 0 errors, 1 left on base; Baltimore 1 - Seattle 0 |
BOTTOM OF THE 3RD |
Seattle Mariners batting - Pitching for Baltimore Orioles : RHP Don Robinson
|
Batting: RHB Kurt Cunningham
|
0-0: Ball 1-0: Ground out 6-3 (Groundball, 6M, EV 101.9 MPH)
|
Batting: SHB Miguel Dilone
|
0-0: SINGLE (Line Drive, 78S, EV 102.5 MPH)
|
Batting: RHB Ryne Sandberg
|
0-0: Grounds into double play, 4-6-3 (Groundball, 4, EV 83.8 MPH)
|
Bottom of the 3rd over - 0 runs, 1 hit, 0 errors, 0 left on base; Baltimore 1 - Seattle 0 |
TOP OF THE 4TH |
Baltimore Orioles batting - Pitching for Seattle Mariners : RHP Bob Moose
|
Batting: LHB Dave Parker
|
0-0: Ball 1-0: Fly out, F9 (Flyball, 9D, EV 95.6 MPH)
|
Batting: RHB Dwight Evans
|
0-0: Ball 1-0: Ball 2-0: Foul Ball, location: 2F 2-1: Ball 3-1: Base on Balls
|
Batting: LHB Fred Lynn
|
0-0: Ball 1-0: Called Strike 1-1: Foul Ball, location: 2F 1-2: Ball 2-2: Foul Ball, location: 2F 2-2: SINGLE (Groundball, 34D, EV 94.4 MPH) Dwight Evans to second Runner from 2nd tries for 3rd, SAFE, throw by RF made to third
|
Batting: SHB Steve R Ontiveros
|
0-0: Called Strike 0-1: Foul Ball, location: 2F 0-2: Grounds into double play, 1-4-3 (Groundball, 15S, EV 65.0 MPH)
|
Top of the 4th over - 0 runs, 1 hit, 0 errors, 1 left on base; Baltimore 1 - Seattle 0 |
BOTTOM OF THE 4TH |
Seattle Mariners batting - Pitching for Baltimore Orioles : RHP Don Robinson
|
Batting: RHB Robin Yount
|
0-0: Foul Ball, location: 2F 0-1: Foul Ball, location: 2F 0-2: Ball 1-2: Ball 2-2: Ground out 4-3 (Groundball, 4, EV 83.8 MPH)
|
Batting: LHB Don Mattingly
|
0-0: Ball 1-0: Foul Ball, location: 2F 1-1: Ball 2-1: SINGLE (Groundball, 6D, EV 105.6 MPH)
|
Batting: RHB Tony Conigliaro
|
0-0: Called Strike 0-1: Fly out, F9 (Flyball, 9S, EV 82.5 MPH)
|
Batting: RHB Juan DeLiza
|
0-0: Ball 1-0: Foul Ball, location: 2F 1-1: Swinging Strike 1-2: Fly out, F9 (Flyball, 89S, EV 83.1 MPH)
|
Bottom of the 4th over - 0 runs, 1 hit, 0 errors, 1 left on base; Baltimore 1 - Seattle 0 |
TOP OF THE 5TH |
Baltimore Orioles batting - Pitching for Seattle Mariners : RHP Bob Moose
|
Batting: RHB Matt Rice
|
0-0: Called Strike 0-1: Ball 1-1: Called Strike 1-2: Fly out, F9 (Line Drive, 9, EV 94.4 MPH)
|
Batting: RHB Jim Sundberg
|
0-0: Ground out 5-3 (Groundball, 25, EV 90.0 MPH)
|
Batting: RHB Garth Iorg
|
0-0: Called Strike 0-1: Ball 1-1: Swinging Strike 1-2: Strikes out looking
|
Top of the 5th over - 0 runs, 0 hits, 0 errors, 0 left on base; Baltimore 1 - Seattle 0 |
BOTTOM OF THE 5TH |
Seattle Mariners batting - Pitching for Baltimore Orioles : RHP Don Robinson
|
Batting: RHB Ramon Estepa
|
0-0: Ball 1-0: Called Strike 1-1: Swinging Strike 1-2: Foul Ball, location: 2F 1-2: SINGLE (Groundball, 5D, EV 94.4 MPH)
|
Batting: RHB Ozzie Virgil
|
0-0: Ball 1-0: Called Strike 1-1: Called Strike 1-2: Strikes out swinging
|
Batting: RHB Kurt Cunningham
|
0-0: Ball Ramon Estepa is caught stealing 2nd base 2-4 1-0: Ball 2-0: Foul Ball, location: 2F 2-1: SINGLE (Line Drive, 8RS, EV 95.0 MPH)
|
Batting: SHB Miguel Dilone
|
0-0: Ball Kurt Cunningham is caught stealing 2nd base 2-6
|
Bottom of the 5th over - 0 runs, 2 hits, 0 errors, 0 left on base; Baltimore 1 - Seattle 0 |
TOP OF THE 6TH |
Baltimore Orioles batting - Pitching for Seattle Mariners : RHP Bob Moose
|
Batting: SHB Willie McGee
|
0-0: Ball 1-0: Fly out, F8 (Flyball, 8RM, EV 75.6 MPH)
|
Batting: SHB Johnny Ray
|
0-0: SINGLE (Groundball, 4MD, EV 96.9 MPH)
|
Batting: LHB Dave Parker
|
0-0: Ball Johnny Ray steals 2nd base 1-0: Called Strike 1-1: Ball 2-1: Called Strike 2-2: Ball 3-2: 2-RUN HOME RUN (Flyball, 9LD, EV 96.9 MPH), Distance : 365 ft
|
Batting: RHB Dwight Evans
|
0-0: Ball 1-0: Called Strike 1-1: Foul Ball, location: 2F 1-2: Ball 2-2: Foul Ball, location: 2F 2-2: Ball 3-2: Fly out, F8 (Flyball, 8LS, EV 71.3 MPH)
|
Batting: LHB Fred Lynn
|
0-0: Called Strike 0-1: Ball 1-1: Ball 2-1: Foul Ball, location: 2F 2-2: Strikes out swinging
|
Top of the 6th over - 2 runs, 2 hits, 0 errors, 0 left on base; Baltimore 3 - Seattle 0 |
BOTTOM OF THE 6TH |
Seattle Mariners batting - Pitching for Baltimore Orioles : RHP Don Robinson
|
Batting: SHB Miguel Dilone
|
0-0: Foul Ball, location: 2F 0-1: Swinging Strike 0-2: SINGLE (Line Drive, 89S, EV 103.1 MPH)
|
Batting: RHB Ryne Sandberg
|
0-0: Ball 1-0: Called Strike 1-1: Fly out, F2 (Popup, 2R, EV 94.4 MPH)
|
Batting: RHB Robin Yount
|
0-0: SINGLE (Groundball, 34D, EV 95.0 MPH) Miguel Dilone to second Runner from 2nd tries for 3rd, SAFE, throw by RF made to third
|
Batting: LHB Don Mattingly
|
0-0: Ball 1-0: Ball Robin Yount steals 2nd base 2-0: Called Strike 2-1: DOUBLE (Line Drive, 7LM, EV 103.8 MPH) Miguel Dilone scores Robin Yount scores
|
Batting: RHB Tony Conigliaro
|
0-0: Swinging Strike 0-1: Foul Ball, location: 2F 0-2: Ball 1-2: Fly out, F9 (Line Drive, 9, EV 86.3 MPH)
|
Batting: RHB Juan DeLiza
|
0-0: Swinging Strike 0-1: Fly out, F7 (Flyball, 7LM, EV 100.6 MPH)
|
Bottom of the 6th over - 2 runs, 3 hits, 0 errors, 1 left on base; Baltimore 3 - Seattle 2 |
TOP OF THE 7TH |
Baltimore Orioles batting - Pitching for Seattle Mariners : RHP Bob Moose
|
Batting: SHB Steve R Ontiveros
|
0-0: Ball 1-0: Ball 2-0: Ball 3-0: Called Strike 3-1: Ground out 6-3 (Groundball, 6, EV 90.6 MPH)
|
Batting: RHB Matt Rice
|
0-0: Called Strike 0-1: Ground out U3 (Groundball, 23, EV 91.9 MPH)
|
Batting: RHB Jim Sundberg
|
0-0: Foul Ball, location: 2F 0-1: Foul Ball, location: 2F 0-2: Ball 1-2: Foul Ball, location: 2F 1-2: Fly out, F7 (Flyball, 7S, EV 88.8 MPH)
|
Top of the 7th over - 0 runs, 0 hits, 0 errors, 0 left on base; Baltimore 3 - Seattle 2 |
BOTTOM OF THE 7TH |
Seattle Mariners batting - Pitching for Baltimore Orioles : RHP Don Robinson
|
Now in CF: Mark Brouhard
|
|
Batting: RHB Ramon Estepa
|
0-0: Fly out, F4 (Flyball, 4MD, EV 96.3 MPH)
|
Batting: RHB Ozzie Virgil
|
0-0: Ball 1-0: Ball 2-0: Ball 3-0: Base on Balls
|
Batting: RHB Kurt Cunningham
|
0-0: Called Strike 0-1: Foul Ball, location: 2F 0-2: Fielders Choice at 2nd, 4-6 (Groundball, 4, EV 90.6 MPH)
|
Batting: SHB Miguel Dilone
|
0-0: Ball 1-0: Ball 2-0: Called Strike 2-1: Ground out 4-3 (Groundball, 4, EV 100.0 MPH)
|
Bottom of the 7th over - 0 runs, 0 hits, 0 errors, 1 left on base; Baltimore 3 - Seattle 2 |
TOP OF THE 8TH |
Baltimore Orioles batting - Pitching for Seattle Mariners : RHP Bob Moose
|
Batting: RHB Garth Iorg
|
0-0: Ball 1-0: Swinging Strike 1-1: Called Strike 1-2: Foul Ball, location: 2F 1-2: Strikes out swinging
|
Batting: SHB Willie McGee
|
0-0: SINGLE (Groundball, 56D, EV 109.4 MPH)
|
Batting: SHB Johnny Ray
|
0-0: Fielders Choice at 2nd, 4-6 (Groundball, 4, EV 83.8 MPH)
|
Batting: RHB Mark Brouhard
|
0-0: Ball Johnny Ray steals 2nd base 1-0: Foul Ball, location: 2F 1-1: Swinging Strike 1-2: Ball 2-2: Strikes out swinging
|
Top of the 8th over - 0 runs, 1 hit, 0 errors, 1 left on base; Baltimore 3 - Seattle 2 |
BOTTOM OF THE 8TH |
Seattle Mariners batting - Pitching for Baltimore Orioles : RHP Don Robinson
|
Now at 3B: Mike Henderson
|
|
Batting: RHB Ryne Sandberg
|
0-0: SINGLE (Flyball, 56D, EV 83.8 MPH)
|
Batting: RHB Robin Yount
|
0-0: Swinging Strike 0-1: Ball 1-1: Ball 2-1: Foul Ball, location: 2F 2-2: Foul Ball, location: 2F 2-2: SINGLE (Groundball, 34D, EV 97.5 MPH) Ryne Sandberg to second Runner from 2nd tries for 3rd, SAFE, no throw by RF
|
Batting: LHB Don Mattingly
|
0-0: Fly out, F9 (Flyball, 89S, EV 86.9 MPH)
|
Batting: RHB Tony Conigliaro
|
0-0: Ball 1-0: Grounds into double play, 6-4-3 (Groundball, 6M, EV 88.8 MPH)
|
Bottom of the 8th over - 0 runs, 2 hits, 0 errors, 1 left on base; Baltimore 3 - Seattle 2 |
TOP OF THE 9TH |
Baltimore Orioles batting - Pitching for Seattle Mariners : RHP Bob Moose
|
Batting: RHB Dwight Evans
|
0-0: Ball 1-0: Called Strike 1-1: Foul Ball, location: 2F 1-2: Ball 2-2: Fly out, F7 (Flyball, 7D, EV 103.1 MPH)
|
Batting: LHB Fred Lynn
|
0-0: Foul Ball, location: 2F 0-1: Ball 1-1: Swinging Strike 1-2: Ball 2-2: Foul Ball, location: 2F 2-2: Strikes out looking
|
Batting: SHB Steve R Ontiveros
|
0-0: Ball 1-0: Ball 2-0: Called Strike 2-1: Ball 3-1: Called Strike 3-2: Strikes out swinging
|
Top of the 9th over - 0 runs, 0 hits, 0 errors, 0 left on base; Baltimore 3 - Seattle 2 |
BOTTOM OF THE 9TH |
Seattle Mariners batting - Pitching for Baltimore Orioles : RHP Don Robinson
|
Batting: LHB Mike Stenhouse
|
0-0: Called Strike 0-1: Ball 1-1: Foul Ball, location: 2F 1-2: Ball 2-2: Foul Ball, location: 2F 2-2: Foul Ball, location: 2F 2-2: Ball 3-2: SINGLE (Flyball, 56D, EV 93.8 MPH)
|
Batting: RHB Ramon Estepa
|
0-0: Fielders Choice at 2nd, 6-4 (Groundball, 56D, EV 98.1 MPH)
|
Pinch Hitting: RHB Bobby Bonds
|
0-0: Ball 1-0: Foul Ball, location: 2F 1-1: Called Strike 1-2: Ball 2-2: Foul Ball, location: 2F 2-2: Fly out, F9 (Flyball, 9, EV 86.9 MPH)
|
Pinch Hitting: LHB Ivan Flores
|
0-0: Ball 1-0: Ball 2-0: Ball 3-0: Called Strike 3-1: Base on Balls Ramon Estepa to second
|
Batting: SHB Miguel Dilone
|
0-0: Ball 1-0: Ball 2-0: Called Strike 2-1: Ball 3-1: Foul Ball, location: 2F 3-2: Fly out, F8 (Flyball, 8LD, EV 85.0 MPH)
|
Bottom of the 9th over - 0 runs, 1 hit, 0 errors, 2 left on base; Baltimore 3 - Seattle 2 |
|